 Dungeon Sprint DCSS version 0.29-a0-330-g52719c12eb (webtiles) character file.

Game seed: 6520179350090765764

20 jt the Covert (level 2, -1/17 HPs)
             Began as an Octopode Enchanter on May 7, 2022.
             Slain by an ogre
             ... wielding a +0 giant club
              (11 damage)
             ... in the Dungeon (Sprint IX: "|||||||||||||||||||||||||||||").
             The game lasted 00:00:28 (32 turns).

jt the Covert (Octopode Enchanter)                    Turns: 32, Time: 00:00:29

Health: -1/17      AC:  1    Str:  7    XL:     2   Next: 79%
Magic:  5/5        EV: 13    Int: 17    God:
Gold:   0          SH:  0    Dex: 12    Spells: 5/5 levels left

rFire   . . .      SeeInvis .   a - +1 dagger
rCold   . . .      Faith    .   (no shield)
rNeg    . . .      Spirit   .   (helmet restricted)
rPois   .          Reflect  .   (no amulet)
rElec   .          Harm     .   (no ring)
rCorr   .          Rampage  .   (no ring)
Will    .....      NoTele   +   (no ring)
Stlth   +++++.....              (no ring)
HPRegen 0.05/turn               (no ring)
MPRegen 0.09/turn               (no ring)
                                (no ring)
                                (no ring)

@: invisible
A: almost no armour, amphibious, 8 rings, camouflage 1, gelatinous body 1,
(nimble swimmer 1), tentacles
a: no special abilities


You were in the Dungeon.
You visited 1 branch

Inventory:

Hand Weapons
 a - a +1 dagger (weapon)
Scrolls
 h - a scroll of blinking
Potions
 b - a potion of invisibility
 c - a potion of curing
 d - a potion of heal wounds
 e - a potion of haste
 f - 2 potions of magic
 g - a potion of berserk rage


   Skills:
 - Level 1.0 Short Blades
 - Level 2.0 Dodging
 + Level 8.7 Stealth
 - Level 2.0 Spellcasting
 - Level 3.0 Hexes


You had 5 spell levels left.
You didn't know any spells.
Your spell library contained the following spells:

 Spells                   Type           Power      Damage    Failure   Level
 Ensorcelled Hibernation  Hex/Ice        12%        N/A       16%         2
 Confusing Touch          Hex            11%        N/A       17%         3
 Tukima's Dance           Hex            11%        N/A       17%         3
 Dazzling Flash           Conj/Hex       12%        N/A       30%         3


Dungeon Overview and Level Annotations

Branches:
Dungeon (1/1)

Altars:


Innate Abilities, Weirdness & Mutations

You cannot wear most types of armour.
You are amphibious.
You can wear up to eight rings at the same time.
Your skin changes colour to match your surroundings (Stealth+).
Your rubbery body absorbs attacks. (AC +1, EV +1)
((You are camouflaged when in or above water. (Stealth+)))
You have tentacles for arms and can constrict up to eight enemies at once.


Message History

The dart slug is lightly wounded.
You constrict the dart slug, but do no damage.
The dart slug bites you.
You hit the dart slug.
The dart slug is moderately wounded.
You constrict the dart slug. The dart slug bites you.
You hit the dart slug but do no damage. You squeeze the dart slug!
You kill the dart slug!
Your Stealth skill increases to level 7!
You hit the quokka but do no damage. Your grab misses the quokka.
Your squeeze misses the quokka. The quokka closely misses you.
You closely miss the quokka. Your grab misses the quokka.
The quokka barely misses you.
You barely miss the quokka. You grab the quokka.
You tentacle-slap the quokka, but do no damage.
You constrict the quokka. The quokka bites you.
You aren't carrying any items that you can evoke.
You fade into invisibility!
You constrict the quokka. The quokka bites you. The quokka barely misses you.
You release your grip on the quokka.
You hit the quokka but do no damage. Your grab misses the quokka.
You squeeze the quokka.
You kill the quokka!
You barely miss the adder. You grab the adder. You constrict the adder.
The adder closely misses you.
You strike the helpless adder from behind!
You puncture the adder!
You kill the adder!
Your Stealth skill increases to level 8!
You barely miss the ogre. The ogre closely misses you.
You strike the helpless ogre from behind!
You puncture the ogre!
The ogre is severely wounded.
You hit the ogre.
The ogre is severely wounded.
You hit the ogre.
The ogre is almost dead.
The ogre hits you with a +0 giant club!
Ouch! That really hurt!
You die... ▓▓▓▓▓▓▓▓▓▓▓▓▓▓▓▓▓▓ +....sO@..†.'...<▓ ▓▓▓▓▓▓▓▓▓▓▓▓▓▓▓▓▓▓

You could see an ogre (can't see you) and a scorpion (can't see you).

Vanquished Creatures
  An adder (D)
  A dart slug (D)
  A ball python (D)
  3 endoplasms (D)
  A hobgoblin (D)
  A quokka (D)
8 creatures vanquished.

Notes
Turn   | Place    | Note
-------+----------+-------------------------------------------
     0 | D        | jt the Octopode Enchanter began the quest for the Orb.
     0 | D        | Reached XP level 1. HP: 11/11 MP: 3/3
     6 | D        | Reached skill level 5 in Stealth
    10 | D        | Reached skill level 6 in Stealth
    14 | D        | Reached XP level 2. HP: 17/17 MP: 5/5
    16 | D        | Noticed a scorpion
    16 | D        | Noticed an ogre
    21 | D        | Reached skill level 7 in Stealth
    29 | D        | Reached skill level 8 in Stealth
    32 | D        | Slain by an ogre

Illustrated notes

Levels and vault maps discovered:
D:        linesprint [early_d, line_temple, items_1, d_10, items_2, lair_1,
          lair_end, items_3, orc_1, orc_end, items_4, d_15, swamp_1, shoals_1,
          snake_1, spider_1, d_20, vaults_1, items_5, swamp_end, shoals_end,
          snake_end, spider_end, vaults_end, d_27, items_6, zot_1, zot_end,
          crypt_end, forest_end, elf_end, slime_end, tomb_end, abyss_end,
          pan_hell_end]

Skill      XL: |  1  2 |
---------------+-------+-----
Stealth        | 6 8 |  8.7
Short Blades   | |  1.0
Dodging        | |  2.0
Spellcasting   | |  2.0
Hexes          | |  3.0

Action                   || total
-------------------------++-------
Melee: Dagger            ||    19
       Constrict         ||     3
       Tentacles         ||     2
       Punch             ||     1
  Use: Potion            ||     1
 Stab: Sleeping          ||     4
       Invisible         ||     2
Dodge: Dodged            ||     6

Table legend: (Time is in decaauts)
 A = Elapsed time spent in this place.
 B = Non-inter-level travel time spent in this place.
 C = Inter-level travel time spent in this place.
 D = Time resting spent in this place.
 E = Time spent auto-exploring this place.
 F = Levels seen in this place.
 G = Mean time per level.
                   A        B        C        D        E       F      G
               +--------+--------+--------+--------+--------+-----+--------+
         Total |     31 |     31 |      0 |      0 |      0 |   1 |   31.0 |
       Dungeon |     31 |     31 |      0 |      0 |      0 |   1 |   31.0 |
               +--------+--------+--------+--------+--------+-----+--------+

Top non-repeatable levels by time:
       D: 31 daAuts
